 Dungeon Crawl Stone Soup version 0.30-a0-862-g1aabd4f9c5 (webtiles) character file.

Game seed: 14683534828643424240

49 Pimp the Conjurer (level 3, -3/24 HPs)
             Began as a Demonspawn Conjurer on Mar 8, 2023.
             Killed from afar by Sigmund (11 damage)
             ... with a puff of flame
             ... on level 2 of the Dungeon.
             The game lasted 00:05:37 (1785 turns).

Pimp the Conjurer (Demonspawn Conjurer)             Turns: 1785, Time: 00:05:38

Health: -3/24      AC:  5    Str:  7    XL:     3   Next: 53%
Magic:  2/6        EV: 10    Int: 21    God:
Gold:   17         SH:  0    Dex: 11    Spells: 3/6 levels left

rFire   . . .      SeeInvis .    g - +0 rapier
rCold   . . .      Faith    .    (no shield)
rNeg    . . .      Spirit   .    e - +0 ring mail
rPois   .          Reflect  .    (no helmet)
rElec   .          Rampage  .    (no cloak)
rCorr   .                        (no gloves)
Will    +....                    (no boots)
Stlth   +                        (no amulet)
HPRegen 0.24/turn                i - ring of willpower
MPRegen 0.10/turn                (no ring)

@: no status effects
A: spiny 1
a: no special abilities


You were on level 2 of the Dungeon.
You visited 1 branch of the dungeon, and saw 2 of its levels.

You collected 17 gold pieces.

Inventory:

Hand Weapons
 c - a +0 short sword
 g - a +0 rapier (weapon)
Armour
 a - a +0 robe
 e - a +0 ring mail (worn)
Magical Staves
 j - a staff of earth
Jewellery
 i - a ring of willpower (left hand)
Potions
 b - a potion of magic
 d - 2 potions of curing {unknown}
 h - a potion of brilliance


   Skills:
 + Level 2.3 Dodging
 + Level 2.5 Stealth
 + Level 2.4 Spellcasting
 + Level 4.3 Conjurations


You had 3 spell levels left.
You knew the following spells:

 Your Spells              Type           Power      Damage    Failure   Level
a - Magic Dart            Conj           80%        1d7       9%          1
b - Searing Ray           Conj           40%        2d5       13%         2

Your spell library contained the following spells:

 Spells                   Type           Power      Damage    Failure   Level
 Dazzling Flash           Conj/Hex       22%        N/A       52%         3
 Lesser Beckoning         Tloc           4%         N/A       58%         2
 Gell's Gravitas          Tloc           2%         N/A       83%         3
 Teleport Other           Tloc           2%         N/A       83%         3
 Fulminant Prism          Conj/Hex       5%         3d7       90%         4
 Iskenderun's Mystic Bla  Conj/Tloc      11%        2d4       90%         4


Dungeon Overview and Level Annotations

Branches:
Dungeon (2/15)

Altars:

Annotations:
D:2 Sigmund


Innate Abilities, Weirdness & Mutations

You are partially covered in sharp spines.


Message History

You kill the rat!
You start resting.
HP restored.
Found a war axe.
You see here a +0 war axe.
There is an open door here.
Found a stone staircase leading down.
Sigmund is nearby!
A ball python comes into view.
Sigmund shouts!
Casting: Searing Ray (safe; 13% risk of failure)
Confirm with . or Enter, or press ? or * to list all spells.
Aiming: Searing Ray (safe; 13% risk of failure)
Press: ? - help, Shift-Dir - straight line, f - Sigmund
Aim: Sigmund, wielding a +0 scythe and wearing a +0 robe (75% to hit)
The searing ray hits Sigmund.
Sigmund is moderately wounded. (Press . to maintain the ray.)
The ball python hisses angrily.
Sigmund screams, "Only death can liberate you!"
The searing ray hits Sigmund.
Sigmund is moderately wounded.
Sigmund hits you from afar with a +0 scythe.
The searing ray misses the ball python.
The searing ray hits Sigmund.
Sigmund is heavily wounded.
The ball python bites you but does no damage.
Sigmund gestures wildly while chanting.
Sigmund flickers and vanishes!
Deactivating autopickup; reactivate with Ctrl-A.
The searing ray hits the ball python!
You kill the ball python!
The searing ray hits something.
You finish channelling your searing ray.
Something hits you.
A puff of flame appears from out of thin air!
The puff of flame hits you!
There is an open door here.
A puff of flame appears from out of thin air!
The puff of flame hits you!
You die...

##..(.<#......#........##########
#.##..#.####.#.#...........g.)..
#.#.......)..#'#+###############
#.####..##.........#
#.......##.........#
#######..#)......... ##...†....#
#####....# ##########...@###
#.............'.##
#.............#..#
#.)...........##.##
#.............##{.#
##########....###.# #....#
#.†...... #....# ##....... #....#
.....^.


There were no monsters in sight!

Vanquished Creatures
  A gnoll (D:2)
  4 dart slugs
  2 endoplasms (D:2)
  A giant cockroach (D:2)
  2 hobgoblins
  A quokka (D:2)
  6 ball pythons
  3 bats
  5 frilled lizards
  3 goblins (D:2)
  3 kobolds (D:1)
  6 rats
37 creatures vanquished.

Notes
Turn   | Place    | Note
-------+----------+-------------------------------------------
     0 | D:1      | Pimp the Demonspawn Conjurer began the quest for the Orb.
     0 | D:1      | Reached XP level 1. HP: 13/13 MP: 3/3
   261 | D:1      | Gained mutation: You are partially covered in sharp spines.
                  | [demonic ancestry]
   261 | D:1      | Reached XP level 2. HP: 19/19 MP: 3/5
   945 | D:1      | Learned a level 2 spell: Searing Ray
  1353 | D:2      | Reached XP level 3. HP: 24/24 MP: 6/6
  1356 | D:2      | Noticed Sigmund
  1389 | D:2      | HP: 1/24 [something/puff of flame (11)]
  1785 | D:2      | Killed from afar by Sigmund

Illustrated notes

Levels and vault maps discovered:
D:1:      dreamdust_arrival_beginning_and_end, layout_basic,
          grunt_decor_junction, minmay_misc_feat_five
D:2:      layout_basic, uniq_sigmund

Skill      XL: |  1 |
---------------+----+-----
Stealth        | 2 |  2.5
Dodging        | 2 |  2.3
Spellcasting   | |  2.4
Conjurations   | |  4.3

Action                     || total
---------------------------++-------
  Melee: Short sword       ||     9
         Rapier            ||    27
   Cast: Magic Dart        ||    15
         Searing Ray       ||     3
    Use: Scroll            ||     2
         Potion            ||     3
   Stab: Distracted        ||     1
 Armour: Robe              ||     3
         Ring mail         ||    19
  Dodge: Dodged            ||    20

Table legend: (Time is in decaauts)
 A = Elapsed time spent in this place.
 B = Non-inter-level travel time spent in this place.
 C = Inter-level travel time spent in this place.
 D = Time resting spent in this place.
 E = Time spent auto-exploring this place.
 F = Levels seen in this place.
 G = Mean time per level.
                   A        B        C        D        E       F      G
               +--------+--------+--------+--------+--------+-----+--------+
         Total |   1777 |   1682 |     95 |    412 |    911 |   2 |  888.5 |
       Dungeon |   1777 |   1682 |     95 |    412 |    911 |   2 |  888.5 |
               +--------+--------+--------+--------+--------+-----+--------+

Top non-repeatable levels by time:
     D:1: 1251 daAuts
     D:2: 525 daAuts
